 Dungeon Crawl Stone Soup version 0.22.1-2-g9c5b331383 (webtiles) character file.

2712 Riddle the Blocker (level 9, -2/64 HPs)
             Began as a Formicid Monk on Dec 13, 2018.
             Was a Believer of Makhleb.
             Slain by a two-headed ogre
             ... wielding a +0 giant spiked club
              (12 damage)
             ... on level 8 of the Dungeon.
             The game lasted 00:32:20 (8556 turns).

Riddle the Blocker (Formicid Monk)                  Turns: 8556, Time: 00:32:21

Health: -2/64      AC: 16    Str: 20    XL:     9   Next: 98%
Magic:  14/14      EV:  9    Int: 15    God:    Makhleb [**....]
Gold:   421        SH: 12    Dex: 18    Spells: 8/8 levels left

rFire    + + .     SeeInvis +   b - +2 whip (flame)
rCold    + . .     Gourm    .   k - +0 shield
rNeg     . . .     Faith    .   p - +0 plate armour
rPois    +         Spirit   .   (helmet unavailable)
rElec    +         Reflect  .   (no cloak)
rCorr    +         Harm     .   (no gloves)
MR       .....                  y - +0 pair of boots of Intercession {rPois rF+ Int+4 Dex+4} (curse)
Stlth    ..........             v - amulet of regeneration
HPRegen  0.60/turn              q - ring of the Octopus King {Wiz AC+1 EV+1 Str+1 Int+1 Dex+1}
MPRegen  0.14/turn              (no ring)

@: lethally poisoned (-2 -> -2), resistant
A: permanent stasis, dig shafts and tunnels, four strong arms, antennae 3
a: Dig, Shaft Self, Minor Destruction, Renounce Religion


You were on level 8 of the Dungeon.
You worshipped Makhleb.
Makhleb was pleased with you.
You were not hungry.

You visited 2 branches of the dungeon, and saw 9 of its levels.

You collected 421 gold pieces.

Inventory:

Hand Weapons
 b - a +2 whip of flaming (weapon)
Armour
 k - a +0 shield (worn)
 p - a +0 plate armour (worn)
 y - the cursed +0 pair of boots of Intercession (worn) {rPois rF+ Int+4 Dex+4}
   (You found it on level 4 of the Dungeon)

   It affects your intelligence (+4).
   It affects your dexterity (+4).
   It protects you from fire.
   It protects you from poison.
   It has a curse placed upon it.
Jewellery
 q - a ring of the Octopus King (left hand) {Wiz AC+1 EV+1 Str+1 Int+1 Dex+1}
   (You found it on level 2 of the Dungeon)

   [ring of wizardry]

   It improves your spell success rate.
   It affects your AC (+1).
   It affects your evasion (+1).
   It affects your strength (+1).
   It affects your intelligence (+1).
   It affects your dexterity (+1).
 v - an amulet of regeneration (around neck)
 B - a +3 amulet of reflection {unknown}
Wands
 s - a wand of flame (31)
 x - a wand of iceblast (8)
 A - a wand of polymorph (12)
Scrolls
 a - 6 scrolls of remove curse
 e - 2 scrolls of identify
 i - a scroll of fog
 j - 3 scrolls of enchant armour {unknown}
 n - a scroll of amnesia {unknown}
 t - 2 scrolls of fear
 u - a scroll of enchant weapon {unknown}
Potions
 d - a potion of brilliance {unknown}
 f - a potion of haste {unknown}
 g - 3 potions of degeneration {unknown}
 h - 2 potions of might {unknown}
 l - a potion of invisibility {unknown}
 m - a potion of mutation {unknown}
 o - 3 potions of lignification {unknown}
 r - 2 potions of resistance
 w - a potion of curing {unknown}
 C - a potion of heal wounds {unknown}
Comestibles
 c - 12 rations
 z - 3 chunks of flesh


   Skills:
 - Level 3.2 Fighting
   Level 3.0 Long Blades
 - Level 9.1 Armour
 - Level 2.6 Dodging
 - Level 2.4 Stealth
 - Level 9.3 Shields
 + Level 6.9 Invocations


You had 8 spell levels left.
You didn't know any spells.
Your spell library contained the following spells:

 Spells                   Type           Power        Failure   Level  Hunger
 Corona                   Hex            #......      86%         1    ##.....
 Slow                     Hex            #.......     95%         2    ###....
 Inner Flame              Hex/Fire       #.......     99%         3    ####...
 Portal Projectile        Hex/Tloc       #.....       99%         3    ####...
 Cause Fear               Hex            #.........   100%        4    #####..
 Leda's Liquefaction      Hex/Erth       #.........   100%        4    #####..


Dungeon Overview and Level Annotations

Branches:
Dungeon (8/15)             Temple (1/1) D:7
   Lair: D:8-11

Altars:
Ashenzari
Cheibriados
Dithmenos
Elyvilon
Fedhas
Gozag
Hepliaklqana
Kikubaaqudgha
Makhleb
Nemelex Xobeh
Okawaru
Qazlal
Ru
Sif Muna
Trog
Uskayaw
Vehumet
Wu Jian
Xom
Yredelemnul
Zin
The Shining One


Innate Abilities, Weirdness & Mutations

You cannot be hasted, slowed, berserked, paralysed or teleported.
You can dig through walls and to a lower floor.
Your four strong arms can wield two-handed weapons with a shield.
You have a pair of large antennae on your head. (SInv)


Message History

You kill the jelly!
Makhleb accepts your kill.
You feel better.
A two-headed ogre comes into view.
It is wielding a giant spiked club and a Unknown command.
Press: ? - help, Shift-Dir - straight line, f - two-headed ogre
Aim: a two-headed ogre, wielding a giant spiked club and a giant club The two-headed ogre writhes in agony!
You feel sick.
You hear an angry buzzing noise.
The two-headed ogre hits you with a giant spiked club.
* * * LOW HITPOINT WARNING * * *
The two-headed ogre hits you but does no damage.
You hear an angry buzzing noise.
Unknown command.
Press: ? - help, Shift-Dir - straight line, f/p - two-headed ogre
Aim: a two-headed ogre, wielding a giant spiked club and a giant club (lightly The puff of flame hits the two-headed ogre.
The two-headed ogre is lightly wounded.
The two-headed ogre hits you with a giant spiked club!
You die...

#### #######... #.......#.
#) #.#####... #.# ###.###
#### ##.## #.....# #...###
#.#.#.#
#...#@#####.#.#.#####
#...##O##...........##
#####...#.###.#.......#...
.#.........{.#.#.#.....#..?
y..J/.....{....#...........
y#..<..†.....###.#..##.#...
#####...##### #.#.###.#...
#...# #.#.......## #.#.#
#.......###


You could see a two-headed ogre.

Vanquished Creatures
  Pikel (D:5)
  Edmund (D:6)
  2 ogres
  2 orc warriors
  2 centaurs
  A big kobold (D:7)
  A bullfrog (D:8)
  A gnoll sergeant (D:8)
  A water moccasin skeleton (D:4)
  8 killer bees (D:8)
  2 howler monkeys
  A centaur zombie (D:6)
  4 crimson imps
  A bullfrog zombie (D:6)
  2 jellies (D:8)
  3 hounds
  3 orc wizards
  A bullfrog skeleton (D:8)
  A centaur skeleton (D:6)
  An orc priest (D:3)
  2 iguanas
  2 worker ants (D:4)
  A hound zombie (D:8)
  A howler monkey zombie (D:6)
  13 adders
  11 gnolls
  A shadow imp (D:6)
  An ooze (D:3)
  5 worms
  2 dart slugs
  4 leopard geckos
  7 orcs
  A ball python (D:1)
  8 giant cockroaches
  3 hobgoblins
  8 jackals
  2 quokkas
  8 bats
  6 frilled lizards
  9 goblins
  12 kobolds
  A leopard gecko skeleton (D:4)
  2 quokka skeletons
  9 rats
158 creatures vanquished.

Vanquished Creatures (others)
  A slave (D:5)
1 creature vanquished.

Grand Total: 159 creatures vanquished

Notes
Turn   | Place    | Note
-------+----------+-------------------------------------------
     0 | D:1      | Riddle the Formicid Monk began the quest for the Orb.
     0 | D:1      | Reached XP level 1. HP: 18/18 MP: 1/1
    31 | D:1      | Reached skill level 1 in Armour
   312 | D:1      | Reached XP level 2. HP: 17/24 MP: 2/2
   705 | D:1      | Reached XP level 3. HP: 23/29 MP: 3/3
  1285 | D:2      | Reached skill level 1 in Shields
  1462 | D:2      | Reached XP level 4. HP: 28/35 MP: 4/4
  2473 | D:2      | Found the ring of the Octopus King
  2491 | D:2      | Got a ring of the Octopus King
  2855 | D:3      | Reached XP level 5. HP: 41/41 MP: 5/5
  3306 | D:2      | Identified a ring of the Octopus King {Wiz AC+1 EV+1 Str+1
                  | Int+1 Dex+1} (You found it on level 2 of the Dungeon)
  3629 | D:3      | Reached XP level 6. HP: 39/47 MP: 6/6
  4198 | D:4      | Noticed an ogre
  4362 | D:4      | Reached skill level 5 in Armour
  4370 | D:4      | Got a pair of smoking boots
  4396 | D:3      | Identified the cursed +0 pair of boots of Intercession
                  | {rPois rF+ Int+4 Dex+4} (You found it on level 4 of the
                  | Dungeon)
  5207 | D:5      | Entered Level 5 of the Dungeon
  5247 | D:5      | Noticed an ogre
  5280 | D:4      | Reached XP level 7. HP: 43/52 MP: 7/7
  5340 | D:4      | Reached skill level 5 in Shields
  5792 | D:5      | Noticed Pikel
  5831 | D:5      | Killed Pikel
  5831 | D:5      | Reached XP level 8. HP: 54/58 MP: 8/8
  6322 | D:6      | Noticed Edmund
  6373 | D:6      | Killed Edmund
  6546 | D:6      | Reached XP level 9. HP: 48/64 MP: 9/9
  6632 | D:6      | Found a sparkling altar of Nemelex Xobeh.
  7085 | D:7      | Found a staircase to the Ecumenical Temple.
  7090 | Temple   | Entered the Ecumenical Temple
  7110 | Temple   | Became a worshipper of Makhleb the Destroyer
  7110 | Temple   | Reached * piety under Makhleb
  7110 | Temple   | Reached ** piety under Makhleb
  7396 | D:7      | Found a white marble altar of Elyvilon.
  7626 | D:7      | Found an ornate altar of the Wu Jian Council.
  7886 | D:7      | Reached skill level 1 in Invocations
  8452 | D:8      | Reached skill level 5 in Invocations
  8554 | D:8      | Noticed a two-headed ogre
  8556 | D:8      | Slain by a two-headed ogre

Skill      XL: |  1  2  3  4  5  6  7  8  9 |
---------------+----------------------------+-----
Armour         | 1 2 3 4 5 7 8 9 |  9.1
Shields        | 1 2 3 4 7 8 9 |  9.3
Invocations    | 6 |  6.9
Fighting       | |  3.2
Long Blades    | |  3.0
Dodging        | |  2.6
Stealth        | |  2.4

Action                   |  1- 3 |  4- 6 |  7- 9 || total
-------------------------+-------+-------+-------++-------
Melee: Falchion          |    71 |       |       ||    71
       Dagger            |    46 |   292 |   149 ||   487
       Quarterstaff      |       |       |    45 ||    45
       Whip              |       |       |   193 ||   193
Throw: Throwing net      |       |     1 |       ||     1
Invok: Minor Destruction |       |       |   151 ||   151
 Abil: Dig               |     2 |     4 |    11 ||    17
  Use: Scroll            |       |     7 |       ||     7
       Potion            |       |       |     1 ||     1
 Stab: Sleeping          |     3 |     7 |       ||    10
       Distracted        |     1 |     1 |       ||     2
  Eat: Chunk             |     2 |    11 |    14 ||    27
Armor: Robe              |    10 |    12 |       ||    22
       Ring mail         |       |    31 |       ||    31
       Plate armour      |       |    16 |   180 ||   196
Dodge: Dodged            |    63 |    68 |   125 ||   256
Block: Shield            |    12 |    96 |   237 ||   345
       Rpst.: Falchion   |    11 |       |       ||    11
